 Dungeon Crawl Stone Soup version 0.31-a0-66-ge618eeaa78 (webtiles) character file.

Game seed: 2931947794846752947

343 Strat the Chopper (level 6, -5/56 HPs)
             Began as a Minotaur Fighter on May 22, 2023.
             Constricted to death by Eustachio (6 damage)
             ... on level 5 of the Dungeon.
             The game lasted 00:03:41 (2703 turns).

Strat the Chopper (Minotaur Fighter)                Turns: 2703, Time: 00:03:42

Health: -5/56      AC: 13    Str: 22    XL:     6   Next: 31%
Magic:  5/5        EV:  3    Int:  5    God:
Gold:   141        SH:  5    Dex: 10    Spells: 5/5 levels left

rFire   . . .        a - +0 broad axe
rCold   . . .        c - +0 buckler
rNeg    . . .        g - +0 plate armour
rPois   .            (helmet restricted)
rElec   .            (no cloak)
rCorr   .            k - +0 pair of gloves
SInv    .            (no boots)
Will    .....        (no amulet) Stlth
                     (no ring)
HPRegen 0.29/turn    (no ring)
MPRegen 0.09/turn

%: no passive effects
@: grasped by roots, constricted
A: horns 2, retaliatory headbutt
a: no special abilities


You were on level 5 of the Dungeon.
You visited 1 branch of the dungeon, and saw 5 of its levels.

You collected 141 gold pieces.

Inventory:

Hand Weapons
 a - a +0 broad axe (weapon)
 r - a +0 war axe
Armour
 b - a +0 scale mail
 c - a +0 buckler (worn)
 g - a +0 plate armour (worn)
 k - a +0 pair of gloves (worn)
Jewellery
 p - a ring of willpower
Wands
 q - a wand of mindburst (15)
Scrolls
 e - 4 scrolls of identify {unknown}
 f - a scroll of fear {unknown}
 i - a scroll of teleportation {unknown}
 j - a scroll of amnesia {unknown}
 l - a scroll of enchant weapon {unknown}
 m - 2 scrolls of brand weapon {unknown}
 o - 3 scrolls of vulnerability {unknown}
Potions
 d - a potion of might
 h - 4 potions of curing {unknown}
 n - 2 potions of berserk rage {unknown}


   Skills:
 + Level 5.0 Fighting
 * Level 5.4 Axes
 + Level 5.0 Armour
 - Level 5.0 Shields


You had 5 spell levels left.
You didn't know any spells.
Your spell library contained the following spells:

 Spells                   Type           Power      Damage    Failure   Level
 Apportation              Tloc           0%         N/A       100%        1
 Blink                    Tloc           0%         N/A       100%        2
 Lesser Beckoning         Tloc           0%         N/A       100%        2
 Momentum Strike          Conj/Tloc      0%         3d8       100%        2
 Alistair's Intoxication  Tmut/Pois      0%         N/A       100%        5


Dungeon Overview and Level Annotations

Branches:
Dungeon (5/15)
 Temple: D:4-7

Altars:

Annotations:
D:5 Eustachio


Innate Abilities, Weirdness & Mutations

You have a pair of horns on your head.
You reflexively headbutt those who attack you in melee.


Message History

* * * LOW HITPOINT WARNING * * *
Eustachio hits you with a +0 rapier.
* * * LOW HITPOINT WARNING * * *
The grasping roots constrict you.
* * * LOW HITPOINT WARNING * * *
You closely miss Eustachio.
Eustachio is almost dead.
You barely miss the river rat.
The river rat bites you but does no damage.
Eustachio casts a spell.
The grasping roots constrict you.
* * * LOW HITPOINT WARNING * * *
The river rat bites you but does no damage.
Eustachio barely misses you. The grasping roots constrict you!
* * * LOW HITPOINT WARNING * * *
The grasping roots release their grip on you.
You closely miss Eustachio.
Eustachio is almost dead.
You hit the river rat but do no damage. You block the river rat's attack.
Eustachio zaps a wand.
The roots erupt in riotous growth!
The grasping roots grab you!
The river rat is unaffected.
Eustachio is unaffected.
The grasping roots constrict you.
* * * LOW HITPOINT WARNING * * *
Aiming: Mindburst
Press: ? - help, Shift-Dir - straight line, f/p - Eustachio
Aim: Eustachio, wielding a +0 rapier, wearing a +0 leather armour and carrying a wand of roots (2) (almost dead, chance to affect: 64%) Eustachio struggles to resist.
The river rat bites you.
* * * LOW HITPOINT WARNING * * *
Eustachio completely misses you. The grasping roots constrict you.
* * * LOW HITPOINT WARNING * * *
The crimson imp blinks!
Aiming: Mindburst
Press: ? - help, Shift-Dir - straight line, f/p - Eustachio
Aim: Eustachio, wielding a +0 rapier, wearing a +0 leather armour and carrying a wand of roots (2) (almost dead, chance to affect: 64%) Eustachio struggles to resist.
The river rat bites you.
* * * LOW HITPOINT WARNING * * *
Eustachio mumbles some strange words.
The grasping roots constrict you.
You die...

#........ ####.#######
#.....# #.....###
#.......# #.....#.#
#.....#.#
#.###########..##.####
#(.rr@@55..5...##.....
##############.#######
#.####### #.).)))..
#########


You could see Eustachio, a crimson imp (summoned), a river rat (summoned), 2
ufetubi and a rat (summoned).

Vanquished Creatures
  A howler monkey (D:5)
  A jelly (D:4)
  2 hounds
  Ijyb (D:4)
  4 gnolls (D:5)
  6 adders
  A shadow imp (D:5)
  2 worms
  2 dart slugs
  2 orcs
  6 endoplasms
  3 giant cockroaches
  8 goblins
  2 hobgoblins
  14 jackals
  4 kobolds
  2 quokkas
  8 ball pythons
  5 bats
  A frilled lizard (D:1)
  4 rats
79 creatures vanquished.

Notes
Turn   | Place    | Note
-------+----------+-------------------------------------------
     0 | D:1      | Strat the Minotaur Fighter began the quest for the Orb.
     0 | D:1      | Reached XP level 1. HP: 19/19 MP: 0/0
    84 | D:1      | Reached XP level 2. HP: 24/27 MP: 1/1
   539 | D:1      | Reached XP level 3. HP: 33/33 MP: 2/2
   799 | D:2      | Reached XP level 4. HP: 40/40 MP: 3/3
  1503 | D:3      | Found a faded altar of an unknown god.
  1779 | D:4      | Noticed Ijyb
  1790 | D:4      | Killed Ijyb
  1791 | D:4      | Reached XP level 5. HP: 37/47 MP: 4/4
  2424 | D:5      | Entered Level 5 of the Dungeon
  2424 | D:5      | Noticed Eustachio
  2536 | D:5      | Reached skill level 5 in Axes
  2540 | D:5      | Reached XP level 6. HP: 52/55 MP: 5/5
  2594 | D:5      | Reached skill level 5 in Armour
  2602 | D:5      | Reached skill level 5 in Fighting
  2602 | D:5      | Reached skill level 5 in Shields
  2703 | D:5      | HP: 1/56 [river rat[Eustachio] (2)]
  2703 | D:5      | Constricted to death by Eustachio

Illustrated notes

Levels and vault maps discovered:
D:1:      psy_arrival_radial02, layout_basic
D:2:      layout_rooms
D:3:      layout_loops_cross, basic_ecumenical_altar,
          chequers_serial_rivers_large_a, dreamdust_mushroom_princess
D:4:      layout_loops_ring, uniq_ijyb
D:5:      black_bear_nest_2, layout_loops_ring,
          gammafunk_temple_overflow_elements, ebering_ghost_reflecting_pool,
          serial_shops, nicolae_shop_stone, nrook_campfire,
          minmay_misc_feat_enclosed, uniq_eustachio, uniq_grinder

Skill      XL: |  1  2  3  4  5  6 |
---------------+-------------------+-----
Axes           | 3 4 5 |  5.4
Armour         | 4 5 |  5.0
Shields        | 4 5 |  5.0
Fighting       | 4 5 |  5.0

Action                     |  1- 3 |  4- 6 || total
---------------------------+-------+-------++-------
  Melee: War axe           |    87 |    58 ||   145
         Headbutt          |    11 |    26 ||    37
         Broad axe         |       |    57 ||    57
  Throw: Dart              |       |     2 ||     2
  Evoke: Wand              |       |     2 ||     2
 Armour: Scale mail        |    21 |       ||    21
         Plate armour      |    54 |    64 ||   118
  Dodge: Dodged            |    20 |    32 ||    52
  Block: Buckler           |    19 |    21 ||    40

Table legend: (Time is in decaauts)
 A = Elapsed time spent in this place.
 B = Non-inter-level travel time spent in this place.
 C = Inter-level travel time spent in this place.
 D = Time resting spent in this place.
 E = Time spent auto-exploring this place.
 F = Levels seen in this place.
 G = Mean time per level.
                   A        B        C        D        E       F      G
               +--------+--------+--------+--------+--------+-----+--------+
         Total |   2791 |   2634 |    157 |      0 |   2064 |   5 |  558.2 |
       Dungeon |   2791 |   2634 |    157 |      0 |   2064 |   5 |  558.2 |
               +--------+--------+--------+--------+--------+-----+--------+

Top non-repeatable levels by time:
     D:1: 765 daAuts
     D:4: 668 daAuts
     D:3: 654 daAuts
     D:2: 425 daAuts
     D:5: 278 daAuts
